 Dungeon Crawl Stone Soup version 0.30-a0-630-g881e3bac89 (webtiles) character file.

Game seed: 11512569989927087045

18 M4edhros the Charlatan (level 2, -3/18 HPs)
             Began as an Octopode Artificer on Jan 13, 2023.
             Slain by an iguana (9 damage)
             ... on level 4 of the Dungeon.
             The game lasted 00:00:29 (259 turns).

M4edhros the Charlatan (Octopode Artificer)          Turns: 259, Time: 00:00:30

Health: -3/18      AC:  1    Str: 11    XL:     2   Next: 66%
Magic:  2/2        EV: 13    Int: 13    God:
Gold:   0          SH:  0    Dex: 12    Spells: 1/1 levels left

rFire   . . .      SeeInvis .    a - +0 club
rCold   . . .      Faith    .    (no shield)
rNeg    . . .      Spirit   .    (helmet restricted)
rPois   .          Reflect  .    (no amulet)
rElec   .          Harm     .    (no ring)
rCorr   .          Rampage  .    (no ring)
Will    .....                    (no ring)
Stlth   +++                      (no ring)
HPRegen 0.23/turn                (no ring)
MPRegen 0.08/turn                (no ring)
                                 (no ring)
                                 (no ring)

@: no status effects
A: almost no armour, amphibious, 8 rings, camouflage 1, gelatinous body 1,
(nimble swimmer 1), tentacles
a: no special abilities


You were on level 4 of the Dungeon.
You visited 1 branch of the dungeon, and saw 4 of its levels.

Inventory:

Hand Weapons
 a - a +0 club (weapon)
Magical Staves
 h - a staff of cold
Wands
 b - a wand of flame (15) (quivered)
 c - a wand of charming (15)
 d - a wand of iceblast (5)
Scrolls
 e - a scroll of amnesia {unknown}
Potions
 f - a potion of mutation {unknown}
 g - 2 potions of curing {unknown}


   Skills:
 + Level 1.4 Fighting
 + Level 2.6 Dodging
 + Level 2.2 Stealth
 + Level 3.5 Evocations


You had one spell level left.
You didn't know any spells.
Your spell library was empty.

Dungeon Overview and Level Annotations

Branches:
Dungeon (4/15)
 Temple: D:4-7

Altars:
Nemelex Xobeh


Innate Abilities, Weirdness & Mutations

You cannot wear most types of armour.
You are amphibious.
You can wear up to eight rings at the same time.
Your skin changes colour to match your surroundings (Stealth+).
Your rubbery body absorbs attacks. (AC +1, EV +1)
((You are camouflaged when in or above water. (Stealth+)))
You have tentacles for arms and can constrict up to eight enemies at once.


Message History

A ball python comes into view.
A ball python is nearby!
A ball python is nearby!
A ball python is nearby!
A ball python is nearby!
The helpless ball python fails to defend itself.
You hit the ball python. Your grab misses the ball python.
The ball python is severely wounded.
The ball python barely misses you. The ball python misses you. x2
The ball python barely misses you.
A ball python is nearby!
A ball python is nearby!
You closely miss the ball python. Your grab misses the ball python.
You squeeze the ball python.
You kill the ball python!
You see here a ball python corpse.
No target in view!
No target in view!
You see here a ball python corpse.
An iguana comes into view.
A quokka comes into view.
There are monsters nearby!
There are monsters nearby!
There are monsters nearby!
There are monsters nearby!
Found a scroll labelled ZIDWUETEFI.
You swing at nothing.
You swing at nothing.
You hit the iguana but do no damage. You grab the iguana.
You squeeze the iguana, but do no damage.
You constrict the iguana. The iguana bites you!
Ouch! That really hurt!
The iguana barely misses you.
You hit the iguana but do no damage.
You squeeze the iguana, but do no damage.
The iguana is lightly wounded.
You constrict the iguana, but do no damage.
The iguana bites you!
Ouch! That really hurt!
You die...

###...r...##..##..
#.................
#.#.......##..##(.
#.#.......+...#..#
#.#.......###...## .
#.#...............
...####.#..#########..#.
........l.......<.....#.
.......@#..#.###.#.##.##
#.......#....†...#.##...
#.......#..#######.##.##
#.......#...............
+.....?.#..†.......##.##
#.......#############.#
######### #.# #.# #.#


You could see an iguana.

Vanquished Creatures
  A worm (D:4)
  2 dart slugs (D:4)
  3 ball pythons
  An endoplasm (D:4)
  A giant cockroach (D:2)
  A hobgoblin (D:2)
  A quokka (D:3)
  A rat (D:3)
11 creatures vanquished.

Notes
Turn   | Place    | Note
-------+----------+-------------------------------------------
     0 | D:1      | M4edhros the Octopode Artificer began the quest for the
                  | Orb.
     0 | D:1      | Reached XP level 1. HP: 13/13 MP: 1/1
    90 | D:3      | Reached XP level 2. HP: 18/18 MP: 2/2
   115 | D:4      | Found a sparkling altar of Nemelex Xobeh.
   259 | D:4      | Slain by an iguana

Illustrated notes

Levels and vault maps discovered:
D:1:      dpeg_arrival_pits, layout_basic, shapermc_ecumenical_altar_flowoftime,
          minmay_misc_feat_rows
D:2:      layout_rooms, serial_bayou_pond_b
D:3:      layout_loops_ring, cheibrodos_worm_habitat, uniq_sigmund, uniq_jessica
D:4:      layout_basic, mainiacjoe_overflow_small_starburst,
          grunt_temple_overflow_octagram, kennysheep_small_square

Skill      XL: |  1  2 |
---------------+-------+-----
Stealth        | 2 |  2.2
Fighting       | |  1.4
Dodging        | |  2.6
Evocations     | |  3.5

Action                   || total
-------------------------++-------
Melee: Club              ||    35
       Tentacles         ||    10
       Constrict         ||     7
 Stab: Sleeping          ||     5
Armor: Skin              ||     1
Dodge: Dodged            ||    24

Table legend: (Time is in decaauts)
 A = Elapsed time spent in this place.
 B = Non-inter-level travel time spent in this place.
 C = Inter-level travel time spent in this place.
 D = Time resting spent in this place.
 E = Time spent auto-exploring this place.
 F = Levels seen in this place.
 G = Mean time per level.
                   A        B        C        D        E       F      G
               +--------+--------+--------+--------+--------+-----+--------+
         Total |    269 |    255 |     14 |      0 |     90 |   4 |   67.2 |
       Dungeon |    269 |    255 |     14 |      0 |     90 |   4 |   67.2 |
               +--------+--------+--------+--------+--------+-----+--------+

Top non-repeatable levels by time:
     D:4: 161 daAuts
     D:2: 56 daAuts
     D:3: 36 daAuts
     D:1: 14 daAuts
